 Dungeon Crawl Stone Soup version 0.25.1-2-g60ff931df9 (webtiles) character file.

Game seed: 6708242142617653289

4 demenzo the Vexing (level 1, -1/7 HPs)
             Began as a Felid Enchanter on Nov 17, 2020.
             Slain by a leopard gecko (5 damage)
             ... on level 1 of the Dungeon.
             The game lasted 00:01:41 (761 turns).

demenzo the Vexing (Felid Enchanter)                 Turns: 761, Time: 00:01:42

Health: -1/7       AC:  1    Str:  4    XL:     1   Next: 50%
Magic:  4/4        EV: 18    Int: 16    God:
Gold:   10         SH:  0    Dex: 16    Spells: 3/4 levels left
                                        Lives:  0   Deaths: 0

rFire    . . .     SeeInvis +     - Unarmed
rCold    . . .     Gourm    .   (shield unavailable)
rNeg     . . .     Faith    .   (armour unavailable)
rPois    .         Spirit   .   (helmet unavailable)
rElec    .         Reflect  .   (cloak unavailable)
rCorr    .         Harm     .   (gloves unavailable)
MR       .....                  (boots unavailable)
Stlth    +++.......             (no amulet)
HPRegen  0.02/turn              (no ring)
MPRegen  0.09/turn              (no ring)

@: quick
A: very small, no armour, no weapons or thrown items, stealth, claws 1, fangs 3,
see invisible, carnivore, speed 1, shaggy fur 1, slow metabolism 1, sharp paws
a: no special abilities


You were on level 1 of the Dungeon.
You were not hungry.

You visited 1 branch of the dungeon, and saw 1 of its levels.

You collected 10 gold pieces.

Inventory:

Scrolls
 d - a scroll of identify {unknown}
Potions
 a - 2 potions of curing {unknown}
 c - a potion of berserk rage {unknown}
Comestibles
 b - a ration


   Skills:
 - Level 2.6 Dodging
 - Level 4.0 Stealth
 - Level 1.0 Unarmed Combat
 + Level 2.1 Spellcasting
 * Level 4.7 Hexes


You had 3 spell levels left.
You knew the following spells:

 Your Spells              Type           Power        Failure   Level  Hunger
a - Corona                Hex            ###....      3%          1    #......

Your spell library contained the following spells:

 Spells                   Type           Power        Failure   Level  Hunger
 Confusing Touch          Hex            ###.....     9%          3    ###....
 Tukima's Dance           Hex            ###.....     9%          3    ###....
 Ensorcelled Hibernation  Hex/Ice        #.....       12%         2    ###....
 Dazzling Flash           Conj/Hex       #.....       24%         3    ###....


Dungeon Overview and Level Annotations

Branches:
Dungeon (1/15)

Altars:


Innate Abilities, Weirdness & Mutations

You cannot wear armour.
You are incapable of wielding weapons or throwing items.
Your paws allow you to move quietly. (Stealth)
You have sharp claws.
You have razor-sharp teeth.
You have supernaturally acute eyesight. (SInv)
You are carnivorous and can eat meat at any time.
You cover ground quickly.
You are covered in fur. (AC +1)
You have a slow metabolism.
Your sharp claws are effective at attacking unaware monsters.


Message History

The leopard gecko completely misses you.
You scratch the leopard gecko but do no damage.
The leopard gecko bites you.
Ouch! That really hurt!
You scratch the leopard gecko but do no damage.
Your bite misses the leopard gecko. The leopard gecko misses you.
The rat twitches its whiskers.
The leopard gecko stops glowing.
There is an open gate here.
You close the gate.
You start resting.
There are monsters nearby!
The leopard gecko closely misses you. The goblin barely misses you.
The goblin closely misses you.
There is an open gate here.
The leopard gecko barely misses you. The leopard gecko bites you.
Ouch! That really hurt!
You die...

#....#...8...#....# ♣.♣♣
#.<..#.....8.'..⌠.# ♣♣.♣♣♣
#....#...⌠...#....# ♣....♣
#....'.8...8.#.(..#♣♣♣...♣♣
###..#.......#..###♣......♣
####..8.8..####♣♣♣......♣# ♣♣♣
#.......##♣♣♣.........###
♣.♣♣###.r.###♣..............#
♣..♣.♣#'''#♣♣l@...♣♣.######.#
♣..........g....###### ##.#
##♣♣.......♣♣♣############rg###
♣♣♣♣...♣.♣ #................
####### #.###########....
#.##########...##
#.#..........###.
#.#.########.#(.. #.#.######
#.###.


You could see a leopard gecko and a goblin.

Vanquished Creatures
  A bat (D:1)
  A hobgoblin (D:1)
  A kobold (D:1)
  A rat (D:1)
4 creatures vanquished.

Notes
Turn   | Place    | Note
-------+----------+-------------------------------------------
     0 | D:1      | demenzo the Felid Enchanter began the quest for the Orb.
     0 | D:1      | Reached XP level 1. HP: 7/7 MP: 4/4
   761 | D:1      | Slain by a leopard gecko

Illustrated notes

Levels and vault maps discovered:
D:1:      sevenhm_arrival_forest_fort_large_2, layout_basic, minmay_liquid_box,
          minmay_ruptured

Action                   || total
-------------------------++-------
Melee: Unarmed           ||    20
 Cast: Corona            ||     1
 Stab: Sleeping          ||     1
  Eat: Chunk             ||     2
Armor: Skin              ||     3
Dodge: Dodged            ||    23
